Workbook

Sheet ANEXO IX B - coeficientes
B1: ANEXO IX B
B3: .- Coeficientes objeto de licitación: Cumplimentar Celdas verdes con dos decimales .- "DATOS PARA COMPLETAR PRECIO" únicamente a efectos de cálculo. .- Se facturarán los del mes de la entrega
B5: COSTES ENERGÍA ANUALES
B7: OMIP | C7: 90 | D7: (€/MWh)
K8: Coeficientes propuestos con dos decimales
K9: CG | M9: eur/MWh
K10: GdO 2027 | M10: eur/MWh
K11: GdO 2028 | M11: eur/MWh
C13: TÉRMINO DE ENERGÍA CALCULADO 2027 (€/MWh)
B14: TARIFAS | C14: P 1 | D14: P 2 | E14: P 3 | F14: P 4 | G14: P 5 | H14: P 6
B15: 6.1TD | C15: =+(($C$7*C29+C34+$L$27+$L$28+$L$29+$L$30+$L$31)*(1+C39)+$L$9+$L$10)*1.015+C43 -> 178.89644 | D15: =+(($C$7*D29+D34+$L$27+$L$28+$L$29+$L$30+$L$31)*(1+D39)+$L$9+$L$10)*1.015+D43 -> 145.51052 | E15: =+(($C$7*E29+E34+$L$27+$L$28+$L$29+$L$30+$L$31)*(1+E39)+$L$9+$L$10)*1.015+E43 -> 130.60896 | F15: =+(($C$7*F29+F34+$L$27+$L$28+$L$29+$L$30+$L$31)*(1+F39)+$L$9+$L$10)*1.015+F43 -> 117.30754 | G15: =+(($C$7*G29+G34+$L$27+$L$28+$L$29+$L$30+$L$31)*(1+G39)+$L$9+$L$10)*1.015+G43 -> 105.08433 | H15: =+(($C$7*H29+H34+$L$27+$L$28+$L$29+$L$30+$L$31)*(1+H39)+$L$9+$L$10)*1.015+H43 -> 121.72837
B16: 6.2TD | C16: =+(($C$7*C30+C35+$L$27+$L$28+$L$29+$L$30+$L$31)*(1+C40)+$L$9+$L$10)*1.015+C44 -> 203.14811 | D16: =+(($C$7*D30+D35+$L$27+$L$28+$L$29+$L$30+$L$31)*(1+D40)+$L$9+$L$10)*1.015+D44 -> 161.85579 | E16: =+(($C$7*E30+E35+$L$27+$L$28+$L$29+$L$30+$L$31)*(1+E40)+$L$9+$L$10)*1.015+E44 -> 119.23546 | F16: =+(($C$7*F30+F35+$L$27+$L$28+$L$29+$L$30+$L$31)*(1+F40)+$L$9+$L$10)*1.015+F44 -> 91.792578 | G16: =+(($C$7*G30+G35+$L$27+$L$28+$L$29+$L$30+$L$31)*(1+G40)+$L$9+$L$10)*1.015+G44 -> 75.03423 | H16: =+(($C$7*H30+H35+$L$27+$L$28+$L$29+$L$30+$L$31)*(1+H40)+$L$9+$L$10)*1.015+H44 -> 113.33465
B17: Término energía CON ATR SIN IE
C18: TÉRMINO DE ENERGÍA CALCULADO 2028 (€/MWh)
B19: TARIFAS | C19: P 1 | D19: P 2 | E19: P 3 | F19: P 4 | G19: P 5 | H19: P 6
B20: 6.1TD | C20: =+(($C$7*C29+C34+$L$27+$L$28+$L$29+$L$30+$L$31)*(1+C39)+$L$9+$L$11)*1.015+C43 -> 178.89644 | D20: =+(($C$7*D29+D34+$L$27+$L$28+$L$29+$L$30+$L$31)*(1+D39)+$L$9+$L$11)*1.015+D43 -> 145.51052 | E20: =+(($C$7*E29+E34+$L$27+$L$28+$L$29+$L$30+$L$31)*(1+E39)+$L$9+$L$11)*1.015+E43 -> 130.60896 | F20: =+(($C$7*F29+F34+$L$27+$L$28+$L$29+$L$30+$L$31)*(1+F39)+$L$9+$L$11)*1.015+F43 -> 117.30754 | G20: =+(($C$7*G29+G34+$L$27+$L$28+$L$29+$L$30+$L$31)*(1+G39)+$L$9+$L$11)*1.015+G43 -> 105.08433 | H20: =+(($C$7*H29+H34+$L$27+$L$28+$L$29+$L$30+$L$31)*(1+H39)+$L$9+$L$11)*1.015+H43 -> 121.72837
B21: 6.2TD | C21: =+(($C$7*C30+C35+$L$27+$L$28+$L$29+$L$30+$L$31)*(1+C40)+$L$9+$L$11)*1.015+C44 -> 203.14811 | D21: =+(($C$7*D30+D35+$L$27+$L$28+$L$29+$L$30+$L$31)*(1+D40)+$L$9+$L$11)*1.015+D44 -> 161.85579 | E21: =+(($C$7*E30+E35+$L$27+$L$28+$L$29+$L$30+$L$31)*(1+E40)+$L$9+$L$11)*1.015+E44 -> 119.23546 | F21: =+(($C$7*F30+F35+$L$27+$L$28+$L$29+$L$30+$L$31)*(1+F40)+$L$9+$L$11)*1.015+F44 -> 91.792578 | G21: =+(($C$7*G30+G35+$L$27+$L$28+$L$29+$L$30+$L$31)*(1+G40)+$L$9+$L$11)*1.015+G44 -> 75.03423 | H21: =+(($C$7*H30+H35+$L$27+$L$28+$L$29+$L$30+$L$31)*(1+H40)+$L$9+$L$11)*1.015+H44 -> 113.33465
B22: Término energía CON ATR SIN IE
B25: DATOS PARA COMPLETAR PRECIO
C27: APUNTAMIENTOS (Ap) | K27: 𝐒𝐒AAh | L27: 22 | M27: eur/MWh
B28: TARIFAS | C28: P 1 | D28: P 2 | E28: P 3 | F28: P 4 | G28: P 5 | H28: P 6 | K28: POMh | L28: 0.0407 | M28: eur/MWh
B29: 6.1TD | C29: 1.0729864 | D29: 0.9256686 | E29: 0.92755531 | F29: 0.85734656 | G29: 0.78509258 | H29: 0.92932789 | K29: POSh | L29: 0.20332 | M29: eur/MWh
B30: 6.2TD | C30: 1.5769927 | D30: 1.2441283 | E30: 0.8963496 | F30: 0.64304448 | G30: 0.49207501 | H30: 0.8787248 | K30: Inth | L30: 0 | M30: eur/MWh
K31: FNEE | L31: 3.41 | M31: eur/MWh | N31: 2028
C32: PAGOS POR CAPACIDAD (eur/MWh)
B33: TARIFAS | C33: P 1 | D33: P 2 | E33: P 3 | F33: P 4 | G33: P 5 | H33: P 6
B34: 6.1TD | C34: 0.465 | D34: 0.213 | E34: 0.142 | F34: 0.107 | G34: 0.107 | H34: 0
B35: 6.2TD | C35: 0.465 | D35: 0.213 | E35: 0.142 | F35: 0.107 | G35: 0.107 | H35: 0
C37: PÉRDIDAS (%)
B38: TARIFAS | C38: P 1 | D38: P 2 | E38: P 3 | F38: P 4 | G38: P 5 | H38: P 6
B39: 6.1TD | C39: 0.065 | D39: 0.072 | E39: 0.061 | F39: 0.059 | G39: 0.047 | H39: 0.083
B40: 6.2TD | C40: 0.051 | D40: 0.057 | E40: 0.046 | F40: 0.045 | G40: 0.038 | H40: 0.059
C42: ATR ENERGIA (eur/MWh)
B43: 6.1TD | C43: 46.274 | D43: 26.717 | E43: 12.928 | F43: 6.678 | G43: 2.619 | H43: 1.588
B44: 6.2TD | C44: 23.88 | D44: 13.975 | E44: 6.2 | F44: 3.083 | G44: 1.234 | H44: 0.752
C46: ATR POTENCIA eur/kW año
B47: 6.1TD | C47: 29.595368 | D47: 15.514709 | E47: 6.801881 | F47: 5.393829 | G47: 2.125113 | H47: 1.004181
B48: 6.2TD | C48: 20.103588 | D48: 11.115668 | E48: 3.709113 | F48: 2.728152 | G48: 1.265617 | H48: 0.605381
I51: Firma representante legal

Sheet Anexo IX B - total ofertado
B1: ANEXO IX B - TOTAL OFERTADO-
B3: OFERTA
B5: ELECTRICIDAD 2027
B7: IFEMA
B8: TARIFAS | C8: Consumos (kWh) | D8: T. energía (€) | E8: T. potencia (€) | F8: Otros (€) | G8: IE (€) | H8: TOTAL (€)
B9: 6.1TD | C9: ='Datos CONSUMOS'!I6 -> 4916945.8 | D9: =IF(COUNTA('ANEXO IX B - coeficientes'!$L$9:$L$10)=2,SUMPRODUCT('ANEXO IX B - coeficientes'!C15:H15,'Datos CONSUMOS'!C6:H6)/1000,"-") -> - | E9: =+'Coste por CUPS'!R4+'Coste por CUPS'!R5+'Coste por CUPS'!R6 -> 272863.74 | F9: =+'Coste por CUPS'!S4+'Coste por CUPS'!S5+'Coste por CUPS'!S6 -> 2385.46 | G9: =IF($D$9="-","-",(D9+E9+F9)*0.051127) -> - | H9: =IF($D$9="-","-",SUM(D9:G9)) -> -
B10: 6.2TD | C10: ='Datos CONSUMOS'!I7 -> 14942350 | D10: =IF(COUNTA('ANEXO IX B - coeficientes'!$L$9:$L$10)=2,SUMPRODUCT('ANEXO IX B - coeficientes'!C16:H16,'Datos CONSUMOS'!C7:H7)/1000,"-") -> - | E10: =+'Coste por CUPS'!R3 -> 367407.87 | F10: =+'Coste por CUPS'!S3 -> 30268.49 | G10: =IF($D$10="-","-",(D10+E10+F10)*0.051127) -> - | H10: =IF($D$10="-","-",SUM(D10:G10)) -> -
B12: * Otros incluye derechos, excesos de potencia y reactiva, etc. | G12: TOTAL | H12: =IF(COUNT(H9:H10)=2,SUM(H9:H10),"-") -> -
B15: ELECTRICIDAD 2028
B17: IFEMA
B18: TARIFAS | C18: Consumos (kWh) | D18: T. energía (€) | E18: T. potencia (€) | F18: Otros (€) | G18: IE (€) | H18: TOTAL (€)
B19: 6.1TD | C19: =+C9 -> 4916945.8 | D19: =IF(COUNTA('ANEXO IX B - coeficientes'!$L$9:$L$10)=2,SUMPRODUCT('ANEXO IX B - coeficientes'!C20:H20,'Datos CONSUMOS'!C6:H6)/1000,"-") -> - | E19: =+E9 -> 272863.74 | F19: =+F9 -> 2385.46 | G19: =IF($D$9="-","-",(D19+E19+F19)*0.051127) -> - | H19: =IF($D$9="-","-",SUM(D19:G19)) -> -
B20: 6.2TD | C20: =+C10 -> 14942350 | D20: =IF(COUNTA('ANEXO IX B - coeficientes'!$L$9:$L$10)=2,SUMPRODUCT('ANEXO IX B - coeficientes'!C21:H21,'Datos CONSUMOS'!C7:H7)/1000,"-") -> - | E20: =IF($D$10="-","-",SUMPRODUCT('ANEXO IX B - coeficientes'!$C$48:$H$48,'Datos CONSUMOS'!$L$7:$Q$7)) -> - | F20: =+F10 -> 30268.49 | G20: =IF($D$10="-","-",(D20+E20+F20)*0.051127) -> - | H20: =IF($D$10="-","-",SUM(D20:G20)) -> -
B22: * Otros incluye derechos, excesos de potencia y reactiva, etc. | G22: TOTAL | H22: =IF(COUNT(H19:H20)=2,SUM(H19:H20),"-") -> -
B25: TOTAL CONTRATO 2027-28
B27: IFEMA
B28: TARIFAS | C28: Consumos (kWh) | D28: T. energía (€) | E28: T. potencia (€) | F28: Otros (€) | G28: IE (€) | H28: TOTAL (€)
B29: 6.1TD | C29: =+C9+C19 -> 9833891.7 | D29: =+D9+D19 -> #VALUE! | E29: =+E9+E19 -> 545727.47 | F29: =+F9+F19 -> 4770.92 | G29: =+G9+G19 -> #VALUE! | H29: =+H9+H19 -> #VALUE!
B30: 6.2TD | C30: =+C10+C20 -> 29884700 | D30: =+D10+D20 -> #VALUE! | E30: =+E10+E20 -> #VALUE! | F30: =+F10+F20 -> 60536.98 | G30: =+G10+G20 -> #VALUE! | H30: =+H10+H20 -> #VALUE!
B32: * Otros incluye derechos, excesos de potencia y reactiva, etc. | G32: Total ofertado IVA EXCLUIDO (incluir esta cifra en el anexo IX A) | H32: =+H29+H30 -> #VALUE!
G34: Firma represente legal

Sheet Datos CONSUMOS
B2: ELECTRICIDAD
B4: IFEMA | C4: CONSUMOS 12 meses | L4: POTENCIAS
B5: TARIFAS | C5: P1 (kWh) | D5: P2 (kWh) | E5: P3 (kWh) | F5: P4 (kWh) | G5: P5 (kWh) | H5: P6 (kWh) | I5: TOTAL | K5: TARIFAS | L5: P1 (kWh) | M5: P2 (kWh) | N5: P3 (kWh) | O5: P4 (kWh) | P5: P5 (kWh) | Q5: P6 (kWh)
B6: 6.1TD | C6: 494486.31 | D6: 588235.2 | E6: 559748.29 | F6: 774126.98 | G6: 342735.7 | H6: 2157613.3 | I6: =SUM(C6:H6) -> 4916945.8 | K6: 6.1TD | L6: 5330 | M6: 5330 | N6: 5450 | O6: 5450 | P6: 5450 | Q6: 11754
B7: 6.2TD | C7: 1606002.9 | D7: 2109340.6 | E7: 1519702.9 | F7: 1741235.1 | G7: 876838.2 | H7: 7089230.5 | I7: =SUM(C7:H7) -> 14942350 | K7: 6.2TD | L7: 9279 | M7: 9279 | N7: 9279 | O7: 9279 | P7: 9279 | Q7: 10323
B8: TOTAL | C8: =SUM(C6:C7) -> 2100489.2 | D8: =SUM(D6:D7) -> 2697575.8 | E8: =SUM(E6:E7) -> 2079451.1 | F8: =SUM(F6:F7) -> 2515362 | G8: =SUM(G6:G7) -> 1219573.9 | H8: =SUM(H6:H7) -> 9246843.8 | I8: =SUM(C8:H8) -> 19859296

Sheet Coste por CUPS
D1: POTENCIA CONTRATADA kW | J1: CONSUMO 12 MESES kWh
A2: CUPS | B2: Dar | C2: Tarifa | D2: P1 | E2: P2 | F2: P3 | G2: P4 | H2: P5 | I2: P6 | J2: P1 | K2: P2 | L2: P3 | M2: P4 | N2: P5 | O2: P6 | P2: TOTAL | Q2: T. energía (€) | R2: T. potencia (€) | S2: Otros (€) | T2: IE (€) | U2: TOTAL 2027 (€)
A3: ES0022000007837359VG | B3: SUBESTACION PRINCIPAL | C3: 6.2TD | D3: 9279 | E3: 9279 | F3: 9279 | G3: 9279 | H3: 9279 | I3: 10323 | J3: 1606002.9 | K3: 2109340.6 | L3: 1519702.9 | M3: 1741235.1 | N3: 876838.2 | O3: 7089230.5 | P3: =SUM(J3:O3) -> 14942350 | Q3: =SUMPRODUCT('ANEXO IX B - coeficientes'!C16:H16,J3:O3)/1000 -> 1877948.7 | R3: =SUMPRODUCT('ANEXO IX B - coeficientes'!$C$48:$H$48,D3:I3) -> 367407.87 | S3: 30268.49 | T3: =SUM(Q3:S3)*0.051127 -> 116345.88 | U3: =SUM(Q3:T3) -> 2391971
A4: ES0022000008610883ES | B4: PALACIO MUNICIPAL | C4: 6.1TD | D4: 1848 | E4: 1848 | F4: 1848 | G4: 1848 | H4: 1848 | I4: 5000 | J4: 306179.63 | K4: 339481.43 | L4: 301052.91 | M4: 428270.6 | N4: 195899.68 | O4: 1341565.8 | P4: =SUM(J4:O4) -> 2912450 | Q4: =SUMPRODUCT('ANEXO IX B - coeficientes'!$C$15:$H$15,J4:O4)/1000 -> 377624.74 | R4: =SUMPRODUCT('ANEXO IX B - coeficientes'!$C$47:$H$47,D4:I4) -> 114849.21 | S4: 1638.49 | T4: =SUM(Q4:S4)*0.051127 -> 25262.486 | U4: =SUM(Q4:T4) -> 519374.92
A5: ES0022000008610885EV | B5: SUMINISTRO SOCORRO | C5: 6.1TD | D5: 1848 | E5: 1848 | F5: 1848 | G5: 1848 | H5: 1848 | I5: 5000 | J5: 0 | K5: 0 | L5: 0 | M5: 0 | N5: 0 | O5: 0 | P5: =SUM(J5:O5) -> 0 | Q5: =SUMPRODUCT('ANEXO IX B - coeficientes'!$C$15:$H$15,J5:O5)/1000 -> 0 | R5: =SUMPRODUCT('ANEXO IX B - coeficientes'!$C$47:$H$47,D5:I5)/2 -> 57424.604 | S5: 350.48 | T5: =SUM(Q5:S5)*0.051127 -> 2953.8667 | U5: =SUM(Q5:T5) -> 60728.951
A6: ES0022000007419441QL | B6: PALACIO | C6: 6.1TD | D6: 1634 | E6: 1634 | F6: 1754 | G6: 1754 | H6: 1754 | I6: 1754 | J6: 188306.68 | K6: 248753.77 | L6: 258695.38 | M6: 345856.38 | N6: 146836.02 | O6: 816047.6 | P6: =SUM(J6:O6) -> 2004495.8 | Q6: =SUMPRODUCT('ANEXO IX B - coeficientes'!$C$15:$H$15,J6:O6)/1000 -> 259009.49 | R6: =SUMPRODUCT('ANEXO IX B - coeficientes'!$C$47:$H$47,D6:I6) -> 100589.92 | S6: 396.49 | T6: =SUM(Q6:S6)*0.051127 -> 18405.51 | U6: =SUM(Q6:T6) -> 378401.41
P7: 1 | Q7: =SUM(Q3:Q6) -> 2514582.9 | R7: =SUM(R3:R6) -> 640271.6 | S7: =SUM(S3:S6) -> 32653.95 | T7: =SUM(T3:T6) -> 162967.75 | U7: =SUM(Q7:T7) -> 3350476.2
D9: POTENCIA CONTRATADA kW | J9: CONSUMO 12 MESES kWh
A10: CUPS | B10: Dar | C10: Tarifa | D10: P1 | E10: P2 | F10: P3 | G10: P4 | H10: P5 | I10: P6 | J10: P1 | K10: P2 | L10: P3 | M10: P4 | N10: P5 | O10: P6 | P10: TOTAL | Q10: T. energía (€) | R10: T. potencia (€) | S10: Otros (€) | T10: IE (€) | U10: TOTAL 2028 (€)
A11: ES0022000007837359VG | B11: SUBESTACION PRINCIPAL | C11: 6.2TD | D11: 9279 | E11: 9279 | F11: 9279 | G11: 9279 | H11: 9279 | I11: 10323 | J11: 1606002.9 | K11: 2109340.6 | L11: 1519702.9 | M11: 1741235.1 | N11: 876838.2 | O11: 7089230.5 | P11: =SUM(J11:O11) -> 14942350 | Q11: =SUMPRODUCT('ANEXO IX B - coeficientes'!C21:H21,J11:O11)/1000 -> 1877948.7 | R11: =SUMPRODUCT('ANEXO IX B - coeficientes'!$C$48:$H$48,D11:I11) -> 367407.87 | S11: =+S3 -> 30268.49 | T11: =SUM(Q11:S11)*0.051127 -> 116345.88 | U11: =SUM(Q11:T11) -> 2391971
A12: ES0022000008610883ES | B12: PALACIO MUNICIPAL | C12: 6.1TD | D12: 1848 | E12: 1848 | F12: 1848 | G12: 1848 | H12: 1848 | I12: 5000 | J12: 306179.63 | K12: 339481.43 | L12: 301052.91 | M12: 428270.6 | N12: 195899.68 | O12: 1341565.8 | P12: =SUM(J12:O12) -> 2912450 | Q12: =SUMPRODUCT('ANEXO IX B - coeficientes'!$C$20:$H$20,J12:O12)/1000 -> 377624.74 | R12: =SUMPRODUCT('ANEXO IX B - coeficientes'!$C$47:$H$47,D12:I12) -> 114849.21 | S12: =+S4 -> 1638.49 | T12: =SUM(Q12:S12)*0.051127 -> 25262.486 | U12: =SUM(Q12:T12) -> 519374.92
A13: ES0022000008610885EV | B13: SUMINISTRO SOCORRO | C13: 6.1TD | D13: 1848 | E13: 1848 | F13: 1848 | G13: 1848 | H13: 1848 | I13: 5000 | J13: 0 | K13: 0 | L13: 0 | M13: 0 | N13: 0 | O13: 0 | P13: =SUM(J13:O13) -> 0 | Q13: =SUMPRODUCT('ANEXO IX B - coeficientes'!$C$20:$H$20,J13:O13)/1000 -> 0 | R13: =SUMPRODUCT('ANEXO IX B - coeficientes'!$C$47:$H$47,D13:I13)/2 -> 57424.604 | S13: =+S5 -> 350.48 | T13: =SUM(Q13:S13)*0.051127 -> 2953.8667 | U13: =SUM(Q13:T13) -> 60728.951
A14: ES0022000007419441QL | B14: PALACIO | C14: 6.1TD | D14: 1634 | E14: 1634 | F14: 1754 | G14: 1754 | H14: 1754 | I14: 1754 | J14: 188306.68 | K14: 248753.77 | L14: 258695.38 | M14: 345856.38 | N14: 146836.02 | O14: 816047.6 | P14: =SUM(J14:O14) -> 2004495.8 | Q14: =SUMPRODUCT('ANEXO IX B - coeficientes'!$C$20:$H$20,J14:O14)/1000 -> 259009.49 | R14: =SUMPRODUCT('ANEXO IX B - coeficientes'!$C$47:$H$47,D14:I14) -> 100589.92 | S14: =+S6 -> 396.49 | T14: =SUM(Q14:S14)*0.051127 -> 18405.51 | U14: =SUM(Q14:T14) -> 378401.41
P15: 1 | Q15: =SUM(Q11:Q14) -> 2514582.9 | R15: =SUM(R11:R14) -> 640271.6 | S15: =SUM(S11:S14) -> 32653.95 | T15: =SUM(T11:T14) -> 162967.75 | U15: =SUM(Q15:T15) -> 3350476.2
